 Dungeon Crawl Stone Soup version 0.21-a0-351-g38363bb (webtiles) character file.

20 Dfrag the Firebug (level 2, 0/19 HPs)
             Began as a Demonspawn Fire Elementalist on Oct 10, 2017.
             Slain by a gnoll
             ... wielding a cursed +0 spear
              (10 damage)
             ... on level 2 of the Dungeon.
             The game lasted 00:00:44 (731 turns).

Dfrag the Firebug (Demonspawn Fire Elementalist)     Turns: 731, Time: 00:00:45

Health: 0/19       AC:  2    Str:  8    XL:     2   Next: 58%
Magic:  5/5        EV: 12    Int: 16    God:
Gold:   68         SH:  0    Dex: 13    Spells: 4/5 levels left

rFire    . . .     SeeInvis .   (no weapon)
rCold    . . .     Gourm    .   (no shield)
rNeg     . . .     Faith    .   a - +0 robe
rPois    .         Spirit   .   (no helmet)
rElec    .         Reflect  .   (no cloak)
rCorr    .         Harm     .   (no gloves)
MR       .....                  (no boots)
Stlth    ++........             (no amulet)
HPRegen  0.06/turn              (no ring)
MPRegen  0.09/turn              (no ring)

@: no status effects
A: claws 1
a: no special abilities


You were on level 2 of the Dungeon.
You were not hungry.

You visited 1 branch of the dungeon, and saw 2 of its levels.

You collected 68 gold pieces.

Inventory:

Armour
 a - a +0 robe (worn)
Jewellery
 j - an uncursed ring of flight {unknown}
Scrolls
 e - a scroll of random uselessness {unknown}
 f - a scroll of identify {unknown}
 i - a scroll of remove curse {unknown}
Potions
 d - a potion of invisibility {unknown}
Books
 b - a book of Flames

   Spells                             Type                      Level
   a - Flame Tongue                   Conjuration/Fire             1
   b - Throw Flame                    Conjuration/Fire             2
   c - Conjure Flame                  Conjuration/Fire             3
   d - Inner Flame                    Hexes/Fire                   3
   e - Sticky Flame                   Conjuration/Fire             4
   f - Fireball                       Conjuration/Fire             5
Comestibles
 c - a bread ration
 g - a fruit
 h - a royal jelly


   Skills:
 - Level 1.7 Dodging
 - Level 1.7 Stealth
 + Level 2.3 Spellcasting
 + Level 1.7 Conjurations
 + Level 3.0 Fire Magic


You had 4 spell levels left.
You knew the following spells:

 Your Spells              Type           Power        Failure   Level  Hunger
a - Flame Tongue          Conj/Fire      #....        8%          1    #......


Dungeon Overview and Level Annotations

Branches:
Dungeon (2/15)

Altars:

Annotations:
D:2 Robin


Innate Abilities, Weirdness & Mutations

You have sharp fingernails.


Message History

A hobgoblin and a gnoll come into view.
You see here a large onyx ring.
j - a large onyx ring The gnoll shouts!
You hear a shout!
The goblin hits something.
Robin says, "Duck!"
The goblin wields a hunting sling.
The goblin shoots a stone.
The stone closely misses you.
A frilled lizard, a goblin and a gnoll come into view.
Robin throws the goblin at you!
The goblin shouts! x2
Robin throws the goblin at you! The goblin closely misses you.
The goblin hits you. The goblin hits you with a club.
A gnoll comes into view. It is wielding a whip.
You see here a goblin corpse.
There is a stone staircase leading up here.
The goblin barely misses you.
The gnoll hits you from afar with a spear!
Ouch! That really hurt!
You die...

#######
##@...(##
##ggg....###
#.gggg....!.
#.....g.....
#...g.......
#..ggg......
#.glg(......
###..........
#............


You could see Robin, 3 gnolls, a hobgoblin, 9 goblins and a frilled lizard.

Vanquished Creatures
  A dart slug (D:1)
  2 leopard geckos (D:1)
  3 goblins
  2 hobgoblins (D:1)
  3 kobolds (D:1)
  2 ball pythons (D:1)
  A bat (D:1)
  2 rats (D:1)
16 creatures vanquished.

Notes
Turn   | Place    | Note
-------+----------+-------------------------------------------
     0 | D:1      | Dfrag the Demonspawn Fire Elementalist began the quest for the Orb.
     0 | D:1      | Reached XP level 1. HP: 13/13 MP: 3/3
   276 | D:1      | Gained mutation: You have sharp fingernails. [demonic ancestry]
   276 | D:1      | Reached XP level 2. HP: 19/19 MP: 1/5
   384 | D:1      | Reached skill level 3 in Fire Magic
   721 | D:2      | Noticed Robin
   731 | D:2      | Slain by a gnoll

Vault maps used:
D:1:      nagdon_arrival_zigzag_paths
D:2:      chequers_temple_overflow_minitemple, minmay_misc_feat_plants,
          kennysheep_generic_room_7, uniq_robin

Skill      XL: |  1  2 |
---------------+-------+-----
Fire Magic     | 3 |  3.0
Dodging        | |  1.7
Stealth        | |  1.7
Spellcasting   | |  2.3
Conjurations   | |  1.7

Action                   || total
-------------------------++-------
Melee: Unarmed           ||    20
 Cast: Flame Tongue      ||    21
 Stab: Sleeping          ||     2
Armor: Robe              ||     8
Dodge: Dodged            ||    16

Table legend:
 A = Spawn XP
 B = Non-spawn XP
 C = Spawn XP percentage of total XP
 D = Spawn monster count
 E = Non-spawn monster count
 F = Spawn count percentage of total count
 G = Total turns spent on level
                    A         B        C        D         E        F      G
               +---------+---------+-------+---------+---------+-------+---------
         Total |       0 |      29 |   0.0 |       0 |      16 |   0.0 |   731
               +---------+---------+-------+---------+---------+-------+---------
           D:1 |       0 |      27 |   0.0 |       0 |      15 |   0.0 |   709
           D:2 |       0 |       2 |   0.0 |       0 |       1 |   0.0 |    22
               +---------+---------+-------+---------+---------+-------+---------
